 Dungeon Crawl Stone Soup version 0.30-a0-1075-gcd70e7a56d (webtiles) character file.

Game seed: 9775342573655863676

876 NateTC the Trooper (level 7, -2/66 HPs)
             Began as an Armataur Fighter on Apr 14, 2023.
             Was a Priest of Ru.
             Slain by a two-headed ogre
             ... wielding a +0 giant club
              (9 damage)
             ... on level 6 of the Dungeon.
             The game lasted 00:08:33 (4488 turns).

NateTC the Trooper (Armataur Fighter)               Turns: 4488, Time: 00:08:33

Health: -2/66      AC: 16    Str: 24    XL:     7   Next: 74%
Magic:  7/7        EV:  6    Int:  8    God:    Ru [***...]
Gold:   365        SH:  5    Dex:  9    Spells: 6/6 levels left

rFire   . . .      SeeInvis .    h - +1 hammer (protect)
rCold   . . .      Faith    .    c - +1 buckler
rNeg    . . .      Spirit   .    f - +0 chain mail
rPois   +          Reflect  .    o - +0 helmet
rElec   .          Roll     +    (no cloak)
rCorr   .                        (no gloves)
Will    +....                    (no barding) Stlth
                                 (no amulet)
HPRegen 0.31/turn                m - ring of poison resistance
MPRegen 0.10/turn                x - ring of willpower

@: under a protective aura
A: large, rugged brown scales 3, deformed body, inability to use devices, hated
by all, armoured tail, roll, long tongue, awkward tongue
a: Renounce Religion, Draw Out Power


You were on level 6 of the Dungeon.
You worshipped Ru.
Ru was most pleased with you.
You visited 1 branch of the dungeon, and saw 6 of its levels.
You also visited: Sewer.

You collected 365 gold pieces.

Inventory:

Hand Weapons
 a - a +1 flail of venom
 h - a +1 hammer of protection (weapon)
Armour
 c - a +1 buckler (worn)
 f - a +0 chain mail (worn)
 o - a +0 helmet (worn)
Jewellery
 m - a ring of poison resistance (left hand)
 t - a ring of magical power
 u - a ring of ice
 x - a ring of willpower (right hand)
Scrolls
 b - 2 scrolls of teleportation
 e - 2 scrolls of enchant weapon
 i - a scroll of magic mapping
 p - 2 scrolls of enchant armour
 q - a scroll of brand weapon
 y - a scroll of amnesia
Potions
 d - 3 potions of might
 g - a potion of magic {unknown}
 j - 2 potions of degeneration
 k - 4 potions of brilliance
 l - 2 potions of attraction
 n - a potion of mutation
 s - a potion of resistance
 v - a potion of flight
 w - 3 potions of haste
 z - 2 potions of heal wounds


   Skills:
 * Level 5.8 Fighting
 * Level 5.4 Maces & Flails
 - Level 4.7 Armour
 - Level 4.2 Shields


You had 6 spell levels left.
You didn't know any spells.
Your spell library contained the following spells:

 Spells                   Type           Power      Damage    Failure   Level
 Cigotuvi's Dreadful Rot  Necr/Pois/Air  0%         N/A       99%         2
 Ensorcelled Hibernation  Hex/Ice        0%         N/A       99%         2
 Frozen Ramparts          Ice            0%         1d1       100%        3
 Ignite Poison            Fire/Tmut/Pois 0%         N/A       100%        3
 Spider Form              Tmut/Pois      0%         N/A       100%        3
 Anguish                  Hex/Necr       0%         N/A       100%        4
 Alistair's Intoxication  Tmut/Pois      0%         N/A       100%        5
 Borgnjor's Vile Clutch   Necr/Erth      0%         N/A       100%        5
 Freezing Cloud           Conj/Ice/Air   0%         6-21      100%        5
 Metabolic Englaciation   Hex/Ice        0%         N/A       100%        5
 Eringya's Noxious Bog    Tmut/Pois      0%         N/A       100%        6
 Death's Door             Necr           0%         N/A       100%        9


Dungeon Overview and Level Annotations

Branches:
Dungeon (6/15) Zot: 26982   Sewer (visited)
 Temple: D:4-7

Altars:
Ashenzari
Nemelex Xobeh
Ru

Annotations:
D:5 1 runed translucent door, Crazy Yiuf


Innate Abilities, Weirdness & Mutations

You are completely covered in rugged brown scales. (AC +3, +7% HP)
Armour fits poorly on your strangely shaped body.
You cannot study or use magical devices.
You are hated by all.
You have a long armoured tail.
You roll when moving toward enemies. (Rampage)
Your long tongue fully drains potion bottles. (2x potion effects)
Your tongue gives you trouble enunciating. (1.5x scroll delay)


Message History

The kobold attacks as you move away! The kobold closely misses you.
You feel sick.
You are no longer poisoned.
There is a stone staircase leading up here.
You hit the ufetubus.
Your weapon exudes an aura of protection.
The ufetubus is almost dead.
The ufetubus hits you but does no damage.
You block the ufetubus's attack.
The ufetubus hits you but does no damage. x2
You hit the ufetubus.
You kill the ufetubus!
The kobold throws a stone.
The stone hits you but does no damage.
You hit the kobold.
You kill the kobold!
The kobold brigand throws a poisoned dart.
The poisoned dart hits you.
You barely miss the kobold. You hit the two-headed ogre.
The two-headed ogre is lightly wounded.
You thump the two-headed ogre!
The two-headed ogre is moderately wounded.
The two-headed ogre hits you with a +0 giant club!
The two-headed ogre barely misses you.
An orc priest comes into view. It is wielding a +0 dagger.
The kobold brigand closely misses you.
The kobold brigand hits you but does no damage.
The orc priest moves out of view.
You sock the two-headed ogre!
The two-headed ogre is heavily wounded.
The two-headed ogre hits you but does no damage.
The two-headed ogre hits you with a +0 giant club!
The kobold brigand hits you but does no damage.
You barely miss the two-headed ogre.
The two-headed ogre is heavily wounded.
The orc priest shouts!
The two-headed ogre hits you with a +0 giant club!!
* * * LOW HITPOINT WARNING * * *
The two-headed ogre hits you with a +0 giant club!
You die...

##### ....
#..## #...
########.###
#.......KO@#
#.........#K#
..........#.#
#...o.......#
..........#.#
..........#.#
.#$.###.#.#.#
#.. #.#.#..


You could see a two-headed ogre, a kobold brigand, an orc priest and a kobold.

Vanquished Creatures
  An ice beast (D:5)
  Pargi (Sewer)
  An ogre (D:4)
  2 scorpions
  A howler monkey (D:5)
  2 orc priests
  3 hounds
  2 sleepcaps (D:5)
  An iguana (D:5)
  10 gnolls
  4 adders
  A white imp (D:5)
  An ufetubus (D:6)
  A worm (D:2)
  A dart slug (D:3)
  9 orcs
  9 endoplasms
  5 giant cockroaches
  7 goblins
  4 hobgoblins
  4 jackals (D:4)
  12 kobolds
  6 quokkas
  4 ball pythons
  9 bats
  4 frilled lizards
  5 rats
110 creatures vanquished.

Notes
Turn   | Place    | Note
-------+----------+-------------------------------------------
     0 | D:1      | NateTC the Armataur Fighter began the quest for the Orb.
     0 | D:1      | Reached XP level 1. HP: 19/19 MP: 1/1
   169 | D:1      | Reached XP level 2. HP: 25/26 MP: 2/2
   708 | D:2      | Reached XP level 3. HP: 29/33 MP: 3/3
   795 | D:2      | Identified the +2 dagger of the Rattlesnake {elec, Drain
                  | Will+ Dex+2}
  1369 | D:3      | Found a faded altar of an unknown god.
  1379 | D:3      | Prayed at the altar of an unknown god.
  1379 | D:3      | Became a worshipper of Ru the Awakened
  1425 | D:3      | Gained mutation: You cannot study or use magical devices.
                  | [Ru sacrifice]
  1425 | D:3      | Reached * piety under Ru
  1425 | D:3      | Reached ** piety under Ru
  1457 | D:3      | Found a glowing drain.
  1467 | Sewer    | Entered a sewer
  1477 | Sewer    | Reached XP level 4. HP: 40/40 MP: 4/4
  1509 | Sewer    | Noticed Pargi
  1518 | Sewer    | Killed Pargi
  1519 | Sewer    | Reached XP level 5. HP: 40/48 MP: 5/5
  1639 | D:3      | Got Lebled's Vellum of Frigorific Necromantic Words
  1647 | D:3      | Found a blossoming altar of Fedhas.
  2109 | D:3      | Found a broken altar of Ashenzari.
  2543 | D:4      | Noticed an ogre
  2547 | D:4      | Killed an ogre
  2548 | D:4      | Reached XP level 6. HP: 29/56 MP: 6/6
  3284 | D:5      | Entered Level 5 of the Dungeon
  3333 | D:5      | Reached XP level 7. HP: 42/64 MP: 7/7
  3335 | D:5      | Reached skill level 5 in Fighting
  3688 | D:5      | Reached skill level 5 in Maces & Flails
  3858 | D:5      | Found a runed translucent door.
  3859 | D:5      | Noticed Crazy Yiuf
  4063 | D:5      | Gained mutation: You are hated by all. [Ru sacrifice]
  4063 | D:5      | Reached *** piety under Ru
  4147 | D:5      | Found a sparkling altar of Nemelex Xobeh.
  4474 | D:6      | Noticed a two-headed ogre
  4488 | D:6      | Slain by a two-headed ogre

Illustrated notes

Levels and vault maps discovered:
D:1:      minmay_arrival_open_corners, layout_basic, serial_park_tiny_pond,
          minmay_door_square, fountainhead
D:2:      layout_basic
D:3:      layout_loops_corners, nicolae_overflow_crystal_walls,
          amcnicky_altar_gilded, portal_sewer_entry_f,
          chequers_ecumenical_altar_simple
D:4:      layout_basic, nrook_uturn, minmay_close_crescents
D:5:      layout_basic, nemelex_altar_shiori, uniq_crazy_yiuf_cottage
D:6:      layout_basic, minmay_temple_entry_mini_moons

Skill      XL: |  1  2  3  4  5  6  7 |
---------------+----------------------+-----
Maces & Flails | 2 3 4 5 |  5.4
Armour         | 4 |  4.7
Fighting       | 3 4 5 |  5.8
Shields        | 4 |  4.2

Action                     |  1- 3 |  4- 6 |  7- 9 || total
---------------------------+-------+-------+-------++-------
  Melee: Flail             |   145 |   106 |    33 ||   284
         Tailslap          |     9 |     9 |     7 ||    25
         Mace              |       |       |    57 ||    57
 Invoke: Sacrifice Artific |     1 |       |       ||     1
         Sacrifice Love    |       |       |     1 ||     1
    Use: Scroll            |    10 |     8 |     1 ||    19
         Potion            |       |     1 |     1 ||     2
   Stab: Invisible         |       |     1 |       ||     1
 Armour: Scale mail        |    61 |       |       ||    61
         Chain mail        |    45 |    78 |    64 ||   187
  Dodge: Dodged            |    54 |    33 |    26 ||   113
  Block: Buckler           |    39 |    45 |    19 ||   103

Table legend: (Time is in decaauts)
 A = Elapsed time spent in this place.
 B = Non-inter-level travel time spent in this place.
 C = Inter-level travel time spent in this place.
 D = Time resting spent in this place.
 E = Time spent auto-exploring this place.
 F = Levels seen in this place.
 G = Mean time per level.
                   A        B        C        D        E       F      G
               +--------+--------+--------+--------+--------+-----+--------+
         Total |   4581 |   4494 |     87 |    340 |   3345 |   7 |  654.4 |
       Dungeon |   4414 |   4327 |     87 |    340 |   3225 |   6 |  735.7 |
         Sewer |    167 |    167 |      0 |      0 |    120 |   1 |  167.0 |
               +--------+--------+--------+--------+--------+-----+--------+

Top non-repeatable levels by time:
     D:5: 1206 daAuts
     D:3: 968 daAuts
     D:4: 967 daAuts
     D:1: 636 daAuts
     D:2: 619 daAuts
   Sewer: 167 daAuts
     D:6: 15 daAuts
